 Dungeon Crawl Stone Soup version 0.31-a0-4-gefa6de2278 (webtiles) character file.

Game seed: 17065511039527917948

467 retardedninja the Firebug (level 7, -3/51 HPs)
             Began as a Gnoll Fire Elementalist on May 4, 2023.
             Was an Initiate of Cheibriados.
             Slain by an orc warrior
             ... wielding a +0 long sword
              (14 damage)
             ... on level 5 of the Dungeon.
             The game lasted 00:08:35 (4877 turns).

retardedninja the Firebug (Gnoll Fire Elementalist) Turns: 4877, Time: 00:08:35

Health: -3/51      AC:  3    Str:  8    XL:     7   Next: 8%
Magic:  1/15       EV: 19    Int: 18    God:    Cheibriados [......]
Gold:   191        SH:  0    Dex: 13    Spells: 7/17 levels left

rFire   . . .        f - +0 mace
rCold   . . .        (no shield)
rNeg    . . .        a - +0 robe
rPois   .            (no helmet)
rElec   .            (no cloak)
rCorr   .            (no gloves)
SInv    .            d - +0 pair of boots
Will    .....        (no amulet)
Stlth   +++          e - +5 ring of evasion
HPRegen 0.28/turn    (no ring)
MPRegen 0.14/turn

%: no passive effects
@: very slow
A: fangs 1, strong nose, distributed training
a: Renounce Religion


You were on level 5 of the Dungeon.
You worshipped Cheibriados.
Cheibriados was noncommittal.
You visited 2 branches of the dungeon, and saw 6 of its levels.

You collected 191 gold pieces.

Inventory:

Hand Weapons
 f - a +0 mace (weapon)
Armour
 a - a +0 robe (worn)
 d - a +0 pair of boots (worn)
 v - a +2 cloak
Jewellery
 e - a +5 ring of evasion (left hand)
Wands
 m - a wand of flame (1)
Scrolls
 c - 5 scrolls of identify {unknown}
 h - 2 scrolls of blinking {unknown}
 i - a scroll of poison {unknown}
 k - 3 scrolls of teleportation {unknown}
 n - 2 scrolls of magic mapping {unknown}
 t - 2 scrolls of enchant armour {unknown}
 u - a scroll of vulnerability {unknown}
 x - a scroll of noise {unknown}
Potions
 b - a potion of magic
 g - 2 potions of mutation {unknown}
 j - 3 potions of flight {unknown}
 l - 2 potions of brilliance {unknown}
 o - a potion of cancellation {unknown}
 q - a potion of might {unknown}
 r - 2 potions of attraction {unknown}
 s - 2 potions of heal wounds {unknown}
 w - a potion of resistance {unknown}


   Skills:
 + Level 2.3 Fighting
 + Level 2.3 Short Blades
 + Level 2.3 Long Blades
 + Level 2.3 Axes
 + Level 2.3 Maces & Flails
 + Level 2.3 Polearms
 + Level 2.3 Staves
 + Level 2.3 Ranged Weapons
 + Level 2.3 Throwing
 + Level 2.3 Armour
 + Level 5.2 Dodging
 + Level 4.8 Stealth
 + Level 2.3 Shields
 + Level 2.3 Unarmed Combat
 + Level 5.5 Spellcasting
 + Level 2.9 Conjurations
 + Level 1.9 Hexes
 + Level 1.9 Summonings
 + Level 1.9 Necromancy
 + Level 1.9 Translocations
 + Level 1.9 Transmutations
 + Level 5.8 Fire Magic
 + Level 1.9 Ice Magic
 + Level 1.9 Air Magic
 + Level 1.9 Earth Magic
 + Level 1.9 Poison Magic
 + Level 2.6 Invocations
 + Level 2.3 Evocations


You had 7 spell levels left.
You knew the following spells:

 Your Spells              Type           Power      Damage    Failure   Level
a - Foxfire               Conj/Fire      80%        2x1d8     1%          1
b - Scorch                Fire           50%        2d7       1%          2
c - Flame Wave            Conj/Fire      20%        2d7       21%         4
d - Inner Flame           Hex/Fire       18%        N/A       8%          3

Your spell library contained the following spells:

 Spells                   Type           Power      Damage    Failure   Level
 Slow                     Hex            44%        N/A       6%          1
 Volatile Blastmotes      Fire/Tloc      36%        2d13      8%          3
 Cigotuvi's Dreadful Rot  Necr/Pois/Air  22%        N/A       9%          2
 Ignite Poison            Fire/Tmut/Pois 16%        N/A       10%         3
 Confusing Touch          Hex            11%        N/A       17%         3
 Vampiric Draining        Necr           11%        2d6       17%         3
 Freezing Cloud           Conj/Ice/Air   6%         6-21      80%         5


Dungeon Overview and Level Annotations

Branches:
Dungeon (5/15)             Temple (1/1) D:5

Altars:
Ashenzari
Cheibriados
Dithmenos
Elyvilon
Fedhas
Gozag
Hepliaklqana
Kikubaaqudgha
Makhleb
Nemelex Xobeh
Okawaru
Qazlal
Ru
Sif Muna
Trog
Uskayaw
Vehumet
Wu Jian
Yredelemnul
The Shining One

Shops:
D:2 *   D:3 =[!

Annotations:
D:4 1 runed translucent door, pigah's ghost, novice FoCK


Innate Abilities, Weirdness & Mutations

You have very sharp teeth.
Your uncanny sense of smell can sniff out nearby items.
Your experience applies equally to all skills.


Message History

Aiming: Throw Flame
Press: ? - help, Q - select action, (/) - cycle Shift-Dir - straight line, f/p - orc warrior
Aim: an orc warrior, wielding a +0 long sword and wearing a +0 chain mail (severely wounded, 68% to hit)
The puff of flame misses the orc warrior.
The orc warrior misses you.
Aiming: Throw Flame
Press: ? - help, Q - select action, (/) - cycle Shift-Dir - straight line, f/p - orc warrior
Aim: an orc warrior, wielding a +0 long sword and wearing a +0 chain mail (severely wounded, 68% to hit)
The puff of flame hits the orc warrior.
The orc warrior is almost dead.
The orc warrior barely misses you.
Casting: Foxfire (safe; 1% risk of failure)
Press: ? - help, Q - select action, (/) - cycle Dir - look around, f - activate You conjure some foxfire!
The orc warrior hits you with a +0 long sword!
The foxfire hits the orc warrior but does no damage.
The orc warrior is severely wounded.
The foxfire hits the orc warrior but does no damage.
The orc warrior is severely wounded.
The orc warrior hits you with a +0 long sword!
* * * LOW HITPOINT WARNING * * *
You feel better. The orc warrior completely misses you.
You feel better. The orc warrior completely misses you.
Casting: Foxfire (safe; 1% risk of failure)
Press: ? - help, Q - select action, (/) - cycle Dir - look around, f - activate You conjure some foxfire!
The orc warrior misses you.
The foxfire hits the orc warrior but does no damage.
The orc warrior is severely wounded.
The foxfire hits the orc warrior.
The orc warrior is severely wounded.
The orc warrior hits you with a +0 long sword!
* * * LOW HITPOINT WARNING * * *
Aiming: Throw Flame
Press: ? - help, Q - select action, (/) - cycle Shift-Dir - straight line, f - orc warrior
Aim: an orc warrior, wielding a +0 long sword and wearing a +0 chain mail (severely wounded, 68% to hit)
The puff of flame hits the orc warrior.
The orc warrior is almost dead.
The orc warrior hits you with a +0 long sword!
You die...

... #.# #.# #####.#
#########...#.#####
.........###).....#
#######.## ##.###.# ##
#.....# #))## #..
#.###.## ##@o.#
####.##### #
#..###§..##
........#.# #.#...#.##
###..(.#.#.#
...#####.#
#........#.# ##### #.#
#.8.8.8[<... ##'##
#..⌠.⌠...... ##...##
#.8.>.8..##.
##.....###..⌠.⌠...##.
##.......##.8.8.8.###.


You could see an orc warrior.

Vanquished Creatures
  An ice beast (D:5)
  A jelly (D:5)
  An orc priest (D:5)
  A gnoll bouda (D:4)
  2 iguanas
  2 orc wizards
  5 gnolls (D:4)
  2 adders (D:3)
  A shadow imp (D:4)
  An ufetubus (D:4)
  2 worms
  4 dart slugs
  8 orcs
  7 ball pythons
  8 endoplasms
  3 giant cockroaches
  7 hobgoblins
  2 jackals (D:2)
  9 kobolds
  6 quokkas
  5 bats
  3 frilled lizards
  5 goblins
  8 rats
94 creatures vanquished.

Vanquished Creatures (collateral kills)
  4 foxfires (D:4)
4 creatures vanquished.

Vanquished Creatures (others)
  438 foxfires
  A withered plant (D:4)
439 creatures vanquished.

Grand Total: 537 creatures vanquished

Notes
Turn   | Place    | Note
-------+----------+-------------------------------------------
     0 | D:1      | retardedninja the Gnoll Fire Elementalist began the quest
                  | for the Orb.
     0 | D:1      | Reached XP level 1. HP: 13/13 MP: 6/6
   340 | D:1      | Reached XP level 2. HP: 19/19 MP: 4/7
   990 | D:2      | Found Iqanur's Assorted Antiques.
   993 | D:2      | Reached skill level 5 in Spellcasting
   993 | D:2      | Reached XP level 3. HP: 25/25 MP: 6/9
  1209 | D:2      | Reached skill level 1 in Invocations
  1743 | D:2      | Found a hide-covered altar of Uskayaw.
  1893 | D:2      | Reached skill level 1 in Fighting
  1893 | D:2      | Reached skill level 1 in Short Blades
  1893 | D:2      | Reached skill level 1 in Long Blades
  1893 | D:2      | Reached skill level 1 in Axes
  1893 | D:2      | Reached skill level 1 in Maces & Flails
  1893 | D:2      | Reached skill level 1 in Polearms
  1893 | D:2      | Reached skill level 1 in Staves
  1893 | D:2      | Reached skill level 1 in Ranged Weapons
  1893 | D:2      | Reached skill level 1 in Throwing
  1893 | D:2      | Reached skill level 1 in Armour
  1893 | D:2      | Reached skill level 1 in Shields
  1893 | D:2      | Reached skill level 1 in Unarmed Combat
  1893 | D:2      | Reached skill level 1 in Evocations
  1949 | D:2      | Learned a level 2 spell: Scorch
  2188 | D:3      | Found a stormy altar of Qazlal.
  2279 | D:3      | Reached XP level 4. HP: 32/32 MP: 6/11
  2349 | D:3      | Found Buurerr's Distillery.
  2357 | D:3      | Identified the +0 leather armour of Impressiveness {rPois
                  | rC+ Dex-4}
  2598 | D:3      | Reached skill level 1 in Hexes
  2598 | D:3      | Reached skill level 1 in Summonings
  2598 | D:3      | Reached skill level 1 in Necromancy
  2598 | D:3      | Reached skill level 1 in Translocations
  2598 | D:3      | Reached skill level 1 in Transmutations
  2598 | D:3      | Reached skill level 1 in Ice Magic
  2598 | D:3      | Reached skill level 1 in Air Magic
  2598 | D:3      | Reached skill level 1 in Earth Magic
  2598 | D:3      | Reached skill level 1 in Poison Magic
  2707 | D:3      | Found Fih Macoo's Antique Armour Emporium.
  2786 | D:3      | Found a blossoming altar of Fedhas.
  2922 | D:3      | Found an opulent altar of Gozag.
  2962 | D:3      | Found Pinwyade's Jewellery Shop.
  3173 | D:4      | Reached XP level 5. HP: 14/37 MP: 0/12
  3290 | D:4      | Found an ancient bone altar of Kikubaaqudgha.
  3641 | D:4      | Found a runed translucent door.
  3644 | D:4      | Noticed pigah's ghost (novice FoCK)
  3767 | D:4      | Reached XP level 6. HP: 34/44 MP: 3/14
  3777 | D:4      | Reached skill level 5 in Dodging
  3933 | D:4      | Learned a level 4 spell: Flame Wave
  3937 | D:4      | Learned a level 3 spell: Inner Flame
  4524 | D:5      | Entered Level 5 of the Dungeon
  4524 | D:5      | Found a staircase to the Ecumenical Temple.
  4548 | Temple   | Entered the Ecumenical Temple
  4698 | Temple   | Became a worshipper of Cheibriados the Contemplative
  4797 | D:5      | Noticed an ice beast
  4804 | D:5      | Killed an ice beast
  4844 | D:5      | Noticed an orc warrior
  4859 | D:5      | Reached XP level 7. HP: 24/50 MP: 12/15
  4877 | D:5      | Slain by an orc warrior

Illustrated notes

Levels and vault maps discovered:
D:1:      reono_arrival_forest_river, layout_basic
D:2:      wad_crossroads, layout_rooms, basic_altar, serial_shops,
          nicolae_shop_window_shopping, minmay_crystal_water
D:3:      layout_basic, mainiacjoe_overflow_cross_hatched,
          mainiacjoe_overflow_catwalk_spiral, serial_shops, shop, shop, shop,
          minmay_cupped
D:4:      layout_cave_pods, kiku_gazebo_garden_becter,
          ebering_ghost_reflecting_pool
D:5:      layout_loops_corners, grunt_temple_overflow_order_and_chaos_1,
          minmay_temple_entry_statues_fountains, guppyfry_early_orc_mine,
          uniq_menkaure
Temple:   nicolae_temple_superstar

Skill      XL: |  1  2  3  4  5  6 |
---------------+-------------------+-----
Conjurations   | 2 |  2.9
Spellcasting   | 5 |  5.5
Invocations    | 1 2 |  2.6
Fighting       | 1 2 |  2.3
Short Blades   | 1 2 |  2.3
Long Blades    | 1 2 |  2.3
Axes           | 1 2 |  2.3
Maces & Flails | 1 2 |  2.3
Polearms       | 1 2 |  2.3
Staves         | 1 2 |  2.3
Ranged Weapons | 1 2 |  2.3
Throwing       | 1 2 |  2.3
Armour         | 1 2 |  2.3
Shields        | 1 2 |  2.3
Unarmed Combat | 1 2 |  2.3
Evocations     | 1 2 |  2.3
Hexes          | 1 |  1.9
Summonings     | 1 |  1.9
Necromancy     | 1 |  1.9
Translocations | 1 |  1.9
Transmutations | 1 |  1.9
Ice Magic      | 1 |  1.9
Air Magic      | 1 |  1.9
Earth Magic    | 1 |  1.9
Poison Magic   | 1 |  1.9
Dodging        | 5 |  5.2
Stealth        | |  4.8
Fire Magic     | |  5.8

Action                     |  1- 3 |  4- 6 |  7- 9 || total
---------------------------+-------+-------+-------++-------
  Melee: Unarmed           |     4 |       |       ||     4
         Bite              |     1 |     1 |       ||     2
         Mace              |       |     6 |       ||     6
   Cast: Foxfire           |   143 |   115 |     2 ||   260
         Scorch            |       |    14 |     6 ||    20
  Evoke: Wand              |       |     7 |     5 ||    12
    Use: Potion            |       |     1 |     4 ||     5
 Armour: Robe              |     4 |    14 |     1 ||    19
  Dodge: Dodged            |    22 |    66 |    13 ||   101

Table legend: (Time is in decaauts)
 A = Elapsed time spent in this place.
 B = Non-inter-level travel time spent in this place.
 C = Inter-level travel time spent in this place.
 D = Time resting spent in this place.
 E = Time spent auto-exploring this place.
 F = Levels seen in this place.
 G = Mean time per level.
                   A        B        C        D        E       F      G
               +--------+--------+--------+--------+--------+-----+--------+
         Total |   4917 |   4793 |    124 |    109 |   3812 |   6 |  819.5 |
       Dungeon |   4744 |   4663 |     81 |    109 |   3700 |   5 |  948.8 |
        Temple |    173 |    131 |     42 |      0 |    112 |   1 |  173.0 |
               +--------+--------+--------+--------+--------+-----+--------+

Top non-repeatable levels by time:
     D:4: 1377 daAuts
     D:2: 1275 daAuts
     D:3: 1053 daAuts
     D:1: 829 daAuts
     D:5: 208 daAuts
  Temple: 173 daAuts
